Unix NetHack Version 3.7.0-94 Work-in-progress - last build Dec 18 2023 00:11:04 (7e3deff068b9ef4f2ebb9a71ea0f5c4a3b578a14,branch:master). Game began 2023-12-26 01:01:35, ended 2023-12-26 01:17:56. Arasaka, chaotic female orcish Rogue ---- --..| -- |)..-- ---. |.@..| ....--- --h..| |...|.----...| |.. |......|....-- -...... - -............| -........ | -...........| -.......................-- | --.............%..| ---......^....<--- ---------.|.-- ----- Arasaka the Cutpurse St:15 Dx:18 Co:14 In:8 Wi:13 Ch:11 Chaotic Dlvl:5 $:86 HP:0(42) Pw:20(20) AC:6 Xp:5/319 T:6003 Latest messages: You hit the gnome. The gnome misses! You hit the gnome. The gnome hits! The gnome misses! You hit the gnome. The gnome hits! The gnome misses! You hit the gnome. The gnome just misses! You hit the gnome. The gnome hits! You hit the gnome. The gnome misses! You kill the gnome! You hit the gnome. You hit the gnome. The dwarf hits! The dwarf picks up a yellow gem. What do you want to write with? [- psxCO or ?*] You write in the dust with your fingertip. Something is written here in the dust. You read: "Elbereth". You see no objects here. The gnome picks up a dagger. The gnome turns to flee. The gnome wields a dagger! The gnome turns to flee. The gnome throws a dagger! You are hit by a dagger. You hear the howling of the CwnAnnwn... What do you want to zap? [sxO or ?*] In what direction? The gnome vanishes! You feel like a hypocrite. The engraving beneath you fades. You feel an unseen monster! What do you want to write with? [- psxCO or ?*] You write in the dust with your fingertip. Something is written here in the dust. You read: "Elbereth". You see here a dagger. Please move the cursor to an unknown object. (For instructions type a '?') You feel an unseen monster! Wait! There's something there you can't see! You hit it. The dwarf hits! It hits! You die... Inventory: Coins ('$') $ - 86 gold pieces Weapons (')') C - 3 uncursed +0 elven daggers (at the ready) Armor ('[') t - an uncursed +0 pair of gauntlets of dexterity (being worn) c - an uncursed +1 leather armor (being worn) Scrolls ('?') P - a blessed scroll of magic mapping Potions ('!') q - an uncursed potion of enlightenment m - 2 uncursed potions of healing j - an uncursed potion of levitation A - an uncursed potion of object detection d - an uncursed potion of sickness M - an uncursed potion of water Wands ('/') x - an uncursed wand of digging (0:5) s - an uncursed wand of make invisible (0:2) O - an uncursed wand of undead turning (0:6) Tools ('(') f - an empty uncursed sack e - an uncursed lock pick Gems/Stones ('*') p - an uncursed worthless piece of green glass Arasaka the Rogue's attributes: Background: You were a Cutpurse, a level 5 female orcish Rogue. You were chaotic, on a mission for Kos who was opposed by Issek (lawful) and Mog (neutral). You were right-handed. You were in the Gnomish Mines, on level 5. You entered the dungeon 6003 turns ago. It was nighttime. There was a full moon in effect when your adventure ended. You had 319 experience points, 1 more was needed to attain level 6. Basics: You had 0 out of 42 hit points. You had all 20 energy points (spell power). Your armor class was 6. Your wallet contained 86 zorkmids. Autopickup was on for '$"?' plus thrown, with exceptions. Final Characteristics: Your strength was 15 (limit:18/50). Your dexterity was 18 (limit:18). Your constitution was 14 (limit:18). Your intelligence was 8 (limit:16). Your wisdom was 13 (limit:16). Your charisma was 11 (limit:16). Final Status: You were chained to a heavy iron ball. You weren't hungry. You were unencumbered. You were empty handed. You were unskilled in bare handed combat. Final Attributes: You were piously aligned. You were poison resistant. You were telepathic. You had infravision. You were stealthy. You were warded. You were lucky. You are dead. Miscellaneous: You disabled loading of bones levels. Total elapsed playing time was 16 minutes and 19 seconds. Major events: Turn 1: Arasaka the chaotic female orcish Rogue entered the dungeon 998: attained the rank of Cutpurse (level 3) 5854: entered the Gnomish Mines 6003: killed by an invisible gnome Vanquished creatures: a shrieker a gnome leader a little dog 2 floating eyes 3 giant bats 2 monkeys an orc zombie a wererat 2 iguanas an acid blob 2 coyotes 7 hobbits a large kobold 2 hobgoblins a giant rat a brown mold 4 yellow molds 2 green molds a red mold 6 gnomes 7 geckos 10 jackals 3 foxes 2 kobolds 3 goblins 3 sewer rats 9 grid bugs 8 lichens 2 kobold zombies 10 newts 99 creatures vanquished. No species were genocided or became extinct. Voluntary challenges: You read items or engraved 15 times. You engraved Elbereth 2 times. You never genocided any monsters. You never polymorphed an object. You never changed form. You used no wishes. Achievements: You attained the rank of Cutpurse. You entered the Gnomish Mines. The Dungeons of Doom: levels 1 to 6 Level 1: An altar to Kos. Level 2: Level 3: A sink. Level 4: Stairs down to The Gnomish Mines. Level 5: Level 6: The Gnomish Mines: Level 5: <- You were here. Final resting place for you, killed by an invisible gnome. Game over: ---------- / \ / REST \ / IN \ / PEACE \ / \ | Arasaka | | 86 Au | | killed by an | | invisible gnome | | | | | | 2023 | *| * * * | * _________)/\\_//(\/(/\)/\//\/|_)_______ Goodbye Arasaka the Rogue... You died in The Gnomish Mines on dungeon level 5 with 1674 points, and 86 pieces of gold, after 6003 moves. You were level 5 with a maximum of 42 hit points when you died.